 Dungeon Crawl Stone Soup version 0.26-a0-259-g1effd001a9 (webtiles) character file.

Game seed: 16086649259189174169

34062 Apogee the Warrior (level 13, -1/92 HPs)
             Began as a Gargoyle Berserker on July 20, 2020.
             Was a High Priest of Trog.
             Slain by a two-headed ogre
             ... wielding a +0 giant spiked club
              (17 damage)
             ... on level 1 of the Orcish Mines.
             The game lasted 00:30:28 (19923 turns).

Apogee the Warrior (Gargoyle Berserker)            Turns: 19923, Time: 00:30:29

Health: -1/92      AC: 20    Str: 22    XL:     13   Next: 75%
Magic:  13/13      EV: 16    Int:  8    God:    Trog [*****.]
Gold:   1102       SH:  5    Dex: 13    Spells: 12/12 levels left

rFire    + . .     SeeInvis .   J - +1 quarterstaff (holy)
rCold    . . .     Faith    .   (shield currently unavailable)
rNeg     + . .     Spirit   .   R - +0 steam dragon scales
rPois    ∞         Reflect  +   t - +1 helmet
rElec    +         Harm     .   l - +0 cloak
rCorr    .                      (no gloves)
MR       ++...                  (no boots)
Stlth    +.........             B - amulet of reflection
HPRegen  1.25/turn              C - ring of protection from fire
MPRegen  0.13/turn              (no ring)

@: about to teleport, marked, berserk cooldown, regenerating, slowed, very slow
A: negative energy resistance 1, electricity resistance, unbreathing,
petrification resistance, rot immunity, AC +9
a: Berserk, Trog's Hand, Brothers in Arms, Renounce Religion


You were on level 1 of the Orcish Mines.
You worshipped Trog.
Trog was extremely pleased with you.
You were not hungry.

You visited 3 branches of the dungeon, and saw 16 of its levels.

You collected 1102 gold pieces.

Inventory:

Hand Weapons
 a - a +0 mace
 w - a +2 whip of venom
 J - a +1 quarterstaff of holy wrath (weapon)
Missiles
 g - 15 boomerangs (quivered)
Armour
 b - a +0 animal skin
 k - a +0 chain mail
 l - a +0 cloak (worn)
 q - a +0 ring mail
 t - a +1 helmet (worn)
 v - a +0 leather armour
 y - a +0 scale mail
 F - a +0 plate armour
 R - +0 steam dragon scales (worn)
Jewellery
 d - an uncursed ring of fire
 p - an uncursed ring of resist corrosion
 B - an amulet of reflection (around neck)
 C - a ring of protection from fire (left hand)
 D - an uncursed ring of stealth {unknown}
 K - an uncursed amulet of magic regeneration {unknown}
 S - a cursed ring of attention {unknown}
 W - an uncursed amulet of magic regeneration {unknown}
 X - an uncursed amulet of the acrobat
Wands
 A - a wand of random effects (52)
 E - a wand of paralysis (16)
 H - a wand of disintegration (19)
 I - a wand of flame (37)
 M - a wand of digging (5)
 N - a wand of clouds (3)
 O - a wand of acid (6)
 Q - a wand of iceblast (10)
 Y - a wand of polymorph (6)
Scrolls
 e - 14 scrolls of identify
 f - 2 scrolls of magic mapping
 i - 2 scrolls of enchant armour
 m - a scroll of enchant weapon {unknown}
 n - 2 scrolls of immolation
 r - 10 scrolls of remove curse
 z - 5 scrolls of teleportation
 T - a scroll of acquirement {unknown}
 U - a scroll of random uselessness {unknown}
 V - 3 scrolls of blinking {unknown}
Potions
 h - 6 potions of lignification
 j - 3 potions of curing
 o - 3 potions of heal wounds
 s - 3 potions of stabbing
 u - a potion of resistance {unknown}
 x - 3 potions of degeneration
 G - 2 potions of magic
 L - a potion of might
 P - a potion of mutation
Comestibles
 c - 49 rations


   Skills:
 - Level 15.0 Fighting
 - Level 3.1(9.7) Maces & Flails
 - Level 13.8(14.0) Staves
 - Level 10.0 Armour
 + Level 6.9 Dodging


You had 12 spell levels left.
You didn't know any spells.
Your spell library was empty.

Dungeon Overview and Level Annotations

Branches:
Dungeon (10/15)            Temple (0/1) D:5            Lair (5/6) D:10
 Shoals (0/4) Lair:4        Snake (0/4) Lair:4          Orc (1/2) D:10
  Slime: Lair:5-6

Altars:
Ashenzari
Cheibriados
Dithmenos
Fedhas
Gozag
Hepliaklqana
Makhleb
Nemelex Xobeh
Okawaru
Ru
Trog
Uskayaw
Wu Jian
Xom

Shops:
D:10 ?   Orc:1 *?[?

Annotations:
Lair:1 exclusion: 2 oklob plants
Lair:2 exclusion: oklob plant
Lair:5 3 runed translucent doors, exclusion: oklob plant, adozu's ghost, journeyman DrSu


Innate Abilities, Weirdness & Mutations

You are resistant to torment.
Your stone body is resilient. (AC +9)
You are immune to poison.
You resist negative energy. (rN+)
You are resistant to electric shocks. (rElec)
You can survive without breathing.
You are immune to petrification.
You are immune to rotting.


Message History

Okay, then.
Okay, then.
As you read the scroll of teleportation, it crumbles to dust.
You feel strangely unstable.
The orc wizard hits you but does no damage.
The two-headed ogre hits you but does no damage.
The two-headed ogre hits you with a +0 giant spiked club.
* * * LOW HITPOINT WARNING * * *
The orc hits you but does no damage.
The orc wizard gestures wildly while chanting.
The orc wizard blinks!
Something hits you but does no damage. You block the two-headed ogre's attack.
The two-headed ogre barely misses you.
The orc wizard mumbles some strange words.
The orc wizard flickers and vanishes!
The orc completely misses you. You block the two-headed ogre's attack.
The two-headed ogre misses you.
The orc wizard casts a spell.
The orc wizard seems to speed up.
Something hits you but does no damage.
The two-headed ogre hits you with a +0 giant spiked club!
You die...

#........###.## ##
##⌠.⌠#....#...#
#.∩.........## $
#⌠.⌠.....#.###
#.###.........#.#
.................
..............#.#.
...#.....O....##...
........@O∩..#.$...
#.......oOo........
#.##..........$...
.# ##...#......#..
..###...#†).o.....
........#.........
...>...........≈≈≈
..............≈≈≈≈
..............≈≈∩≈


You could see 3 two-headed ogres, 2 orc wizards and an orc.

Vanquished Creatures
  5 hydras
  2 two-headed ogres (Orc:1)
  4 death yaks
  Urug (Lair:5)
  Nergalle (Lair:1)
  Pikel (D:6)
  An orc sorcerer (Orc:1)
  18 elephants
  A centaur zombie (D:10)
  A black mamba (Lair:3)
  A gargoyle (D:10)
  5 cane toads
  3 komodo dragons
  A rime drake (Lair:4)
  A queen bee (Lair:3)
  A troll (Orc:1)
  7 blink frogs
  5 hippogriffs
  3 wyverns
  17 yaks
  3 basilisks
  Eustachio (D:6)
  A steam dragon (D:10)
  Duvessa (D:4)
  15 water moccasins
  4 orc warriors
  7 porcupines
  An ice beast (D:7)
  4 sky beasts
  8 ogres
  A phantom (D:6)
  5 centaurs
  7 crocodiles
  2 big kobolds
  9 bullfrogs
  6 scorpions
  Dowan (D:4)
  2 water moccasin skeletons (D:4)
  29 killer bees
  6 howler monkeys
  12 wights
  A crimson imp (D:3)
  4 jellies
  A quasit (D:10)
  A centaur skeleton (D:6)
  5 hounds
  11 orc wizards
  5 orc priests
  3 iguanas
  4 worker ants
  3 hound zombies
  A hound skeleton (D:8)
  13 adders
  6 gnolls
  A howler monkey skeleton (D:4)
  4 shadow imps
  A white imp (D:10)
  2 ufetubi
  2 oozes
  5 worms
  2 dart slugs (D:3)
  10 leopard geckos
  31 orcs
  5 bats
  2 giant cockroaches (D:4)
  8 goblins
  5 hobgoblins
  3 jackals
  13 kobolds
  4 quokkas
  2 ball pythons
  6 frilled lizards
  A giant cockroach zombie (D:5)
  6 rats
375 creatures vanquished.

Vanquished Creatures (collateral kills)
  A komodo dragon (Lair:2)
  3 wolves (Lair:2)
4 creatures vanquished.

Vanquished Creatures (others)
  14 fungi
  7 plants
21 creatures vanquished.

Grand Total: 400 creatures vanquished

Notes
Turn   | Place    | Note
-------+----------+-------------------------------------------
     0 | D:1      | Apogee the Gargoyle Berserker began the quest for the Orb.
     0 | D:1      | Reached XP level 1. HP: 14/14 MP: 1/1
   238 | D:1      | Reached XP level 2. HP: 19/20 MP: 2/2
   401 | D:1      | Reached skill level 4 in Fighting
  1068 | D:2      | Found a hazy altar of Hepliaklqana.
  1208 | D:2      | Reached XP level 3. HP: 24/24 MP: 3/3
  1447 | D:2      | Found an ornate altar of the Wu Jian Council.
  1656 | D:2      | Found an iron altar of Okawaru.
  1876 | D:2      | Reached skill level 5 in Fighting
  2121 | D:3      | Reached ** piety under Trog
  2121 | D:3      | Reached XP level 4. HP: 31/31 MP: 4/4
  2205 | D:3      | Found a shadowy altar of Dithmenos.
  2264 | D:3      | Found a shimmering altar of Xom.
  2265 | D:3      | Found a burning altar of Makhleb.
  2278 | D:3      | Reached skill level 6 in Fighting
  2278 | D:3      | Reached XP level 5. HP: 28/36 MP: 5/5
  2651 | D:3      | Found a bloodstained altar of Trog.
  2651 | D:3      | Found a shattered altar of Ashenzari.
  2690 | D:3      | Found a snail-covered altar of Cheibriados.
  2814 | D:3      | Found a hide-covered altar of Uskayaw.
  2903 | D:3      | Found a sacrificial altar of Ru.
  3157 | D:4      | Reached skill level 7 in Fighting
  3157 | D:4      | Reached XP level 6. HP: 40/44 MP: 6/6
  3701 | D:4      | Noticed Duvessa
  3715 | D:4      | Noticed Dowan
  3724 | D:4      | Killed Dowan
  3724 | D:4      | Reached skill level 8 in Fighting
  3726 | D:4      | Killed Duvessa
  3726 | D:4      | Reached XP level 7. HP: 39/50 MP: 7/7
  4056 | D:4      | Reached skill level 9 in Fighting
  4255 | D:5      | Entered Level 5 of the Dungeon
  4495 | D:5      | Found a hide-covered altar of Uskayaw.
  4690 | D:5      | Reached *** piety under Trog
  4714 | D:5      | Reached skill level 10 in Fighting
  4714 | D:5      | Reached XP level 8. HP: 52/57 MP: 8/8
  5115 | D:5      | Reached skill level 11 in Fighting
  5223 | D:5      | Found a staircase to the Ecumenical Temple.
  5526 | D:6      | Found a sparkling altar of Nemelex Xobeh.
  5526 | D:6      | Found an opulent altar of Gozag.
  5922 | D:6      | Reached skill level 12 in Fighting
  5949 | D:6      | Reached XP level 9. HP: 52/65 MP: 9/9
  6031 | D:6      | Noticed Pikel
  6060 | D:6      | Killed Pikel
  6060 | D:6      | Reached skill level 13 in Fighting
  6469 | D:6      | Reached skill level 1 in Staves
  6475 | D:6      | Reached **** piety under Trog
  6542 | D:6      | Noticed Eustachio
  6553 | D:6      | Killed Eustachio
  7578 | D:7      | Reached skill level 5 in Staves
  7847 | D:8      | Reached XP level 10. HP: 58/73 MP: 10/10
  9543 | D:9      | Reached ***** piety under Trog
  9935 | D:10     | Entered Level 10 of the Dungeon
 10021 | D:10     | Noticed a gargoyle
 10035 | D:10     | HP: 3/73 [gargoyle/stone arrow (15)]
 10036 | D:10     | Killed a gargoyle
 10561 | D:10     | Found Cybud's Magic Scroll Boutique.
 10588 | D:10     | Found a staircase to the Lair.
 10694 | D:10     | Found a staircase to the Orcish Mines.
 10726 | D:10     | Reached skill level 10 in Staves
 11292 | Orc:1    | Entered Level 1 of the Orcish Mines
 11369 | Orc:1    | Reached XP level 11. HP: 43/78 MP: 11/11
 11571 | Orc:1    | Noticed an orc sorcerer
 11610 | Lair:1   | Entered Level 1 of the Lair of Beasts
 11742 | Lair:1   | Noticed Nergalle
 11776 | Lair:1   | Killed Nergalle
 12053 | Lair:1   | HP: 1/78 [komodo dragon (23)]
 12060 | Lair:1   | HP: 5/117 [crocodile (1)]
 12643 | Lair:1   | Noticed an oklob plant
 12643 | Lair:1   | Noticed an oklob plant
 13559 | Lair:2   | Noticed a seven-headed hydra
 13575 | Lair:1   | Reached XP level 12. HP: 71/84 MP: 12/12
 13580 | Lair:1   | Killed a seven-headed hydra
 13859 | Lair:2   | Noticed a six-headed hydra
 13868 | Lair:2   | Killed a six-headed hydra
 13868 | Lair:2   | Reached skill level 5 in Armour
 14640 | Lair:2   | Found a blossoming altar of Fedhas.
 14975 | Lair:3   | Received a gift from Trog
 15069 | Lair:3   | Noticed a four-headed hydra
 15078 | Lair:3   | Killed a four-headed hydra
 15957 | Lair:3   | Reached skill level 10 in Armour
 16020 | Lair:4   | Found a staircase to the Shoals.
 16091 | Lair:4   | Noticed a four-headed hydra
 16112 | Lair:4   | Killed a four-headed hydra
 16846 | Lair:4   | Found a staircase to the Snake Pit.
 16972 | Lair:4   | Reached XP level 13. HP: 89/89 MP: 13/13
 17424 | Lair:5   | Noticed Urug
 17447 | Lair:5   | Killed Urug
 17447 | Lair:5   | Reached skill level 14 in Fighting
 18037 | Lair:5   | Reached skill level 5 in Dodging
 19018 | Lair:5   | Found a runed translucent gate.
 19018 | Lair:5   | Found a runed translucent gate.
 19018 | Lair:5   | Found a runed translucent gate.
 19019 | Lair:5   | Noticed adozu's ghost (journeyman DrSu)
 19810 | Orc:1    | Found Qecot's Magic Scroll Emporium.
 19816 | Orc:1    | Found Jonaupet's Assorted Antiques.
 19824 | Orc:1    | Found Sichu's Magic Scroll Boutique.
 19849 | Orc:1    | Reached skill level 15 in Fighting
 19895 | Orc:1    | Found Jisuamoq's Antique Armour Shoppe.
 19923 | Orc:1    | Slain by a two-headed ogre

Illustrated notes

Levels and vault maps discovered:
D:1:      giann_bridges, layout_basic
D:2:      minmay_angry_zag, layout_loops_ring, nicolae_overflow_crystal_walls,
          old_standard_altar, marbit_many_paths
D:3:      layout_rooms, grunt_temple_overflow_champion_of_chaos,
          nicolae_ru_path_of_blood, kennysheep_slug_shrine,
          nicolae_dithmenos_shadow_blocks, eat_drink_and_be_merry_uskayaw,
          amethyst_overflow_temple_binary, minmay_quantized
D:4:      layout_gridville, first_ration, uniq_duvessa
D:5:      layout_cave_pools, minmay_temple_entry_gardened_gates, basic_altar
D:6:      layout_loops_corners, grunt_temple_overflow_opulence, nrook_campfire,
          uniq_pikel, uniq_eustachio
D:7:      lemuel_upstairs_altar, layout_loops_corners
D:8:      cheibrodos_iron_armory, layout_loops_corners
D:9:      layout_irregular_city
D:10:     wander_river, layout_long_grid, lair_entry_dummy, serial_shops,
          kennysheep_mini_moat
Lair:1:   layout_concentric_octagons, serial_bayou_shore_a, grunt_megastairs_2,
          minmay_lair_oklob_chamber, uniq_nergalle
Lair:2:   layout_misc_corridors, tgw_fedhas
Lair:3:   layout_roguey [special_room_bee]
Lair:4:   layout_long_grid, shoals_dummy_entry, minmay_snake_entry_six_corridors
Lair:5:   layout_regular_city, minmay_slime_entry_oklob_enclosed,
          ebering_ghost_rock_garden, uniq_urug
Orc:1:    layout_caves, serial_shops, shop_fountains, shop, shop,
          nicolae_shop_waterfront, shop_scrolls

Skill      XL: |  1  2  3  4  5  6  7  8  9 10 11 12 13 |
---------------+----------------------------------------+-----
Fighting       | 4 5 6 7 8 10 12 13 15 | 15.0
Staves         | 6 10 13 | 13.8
Armour         | 10 | 10.0
Dodging        | 3 6 |  6.9
Maces & Flails | |  3.1

Action                   |  1- 3 |  4- 6 |  7- 9 | 10-12 | 13-15 || total
-------------------------+-------+-------+-------+-------+-------++-------
Melee: Mace              |   113 |    44 |       |       |       ||   157
       Whip              |       |    72 |   235 |       |       ||   307
       Quarterstaff      |       |       |   154 |   908 |   322 ||  1384
Throw: Boomerang         |       |     1 |       |     3 |       ||     4
Invok: Berserk           |     1 |     1 |     1 |     3 |     6 ||    12
       Trog's Hand       |       |       |       |     1 |     1 ||     2
       Brothers in Arms  |       |       |       |     3 |       ||     3
Evoke: Wand              |       |       |       |     7 |       ||     7
  Use: Scroll            |       |       |     2 |    20 |     1 ||    23
 Stab: Invisible         |       |     1 |       |       |       ||     1
       Sleeping          |       |       |       |     1 |       ||     1
  Eat: Ration            |     1 |     2 |     4 |     7 |     3 ||    17
Armor: Animal skin       |    11 |       |       |       |       ||    11
       Chain mail        |   105 |    16 |       |       |       ||   121
       Ring mail         |       |    59 |   166 |    13 |       ||   238
       Scale mail        |       |       |       |   115 |       ||   115
       Steam dragon scal |       |       |       |   235 |    88 ||   323
Dodge: Dodged            |   107 |    66 |   219 |   373 |   135 ||   900
Block: Other             |       |       |    95 |   158 |    48 ||   301
       Reflection        |       |       |     3 |     3 |       ||     6

Table legend:
 A = Non-vault XP
 B = Vault XP
 C = Vault XP percentage of total XP
 D = Non-vault monster count
 E = Vault monster count
 F = Vault count percentage of total count
                 A         B        C        D         E       F
            +---------+---------+-------+---------+---------+-------
      Total |   41152 |    7508 |  15.4 |     313 |      66 |  17.4
            +---------+---------+-------+---------+---------+-------
        D:1 |      22 |       0 |   0.0 |      14 |       0 |   0.0
        D:2 |      44 |       6 |  12.0 |      10 |       4 |  28.6
        D:3 |      72 |      67 |  48.2 |      16 |       8 |  33.3
        D:4 |     423 |     219 |  34.1 |      16 |       2 |  11.1
        D:5 |     855 |       0 |   0.0 |      23 |       0 |   0.0
        D:6 |    1145 |     829 |  42.0 |      28 |       2 |   6.7
        D:7 |     640 |       0 |   0.0 |      16 |       0 |   0.0
        D:8 |    1318 |       0 |   0.0 |      26 |       0 |   0.0
        D:9 |    1240 |       0 |   0.0 |      32 |       0 |   0.0
       D:10 |    2365 |       0 |   0.0 |      27 |       0 |   0.0
     Lair:1 |    5658 |    2837 |  33.4 |      20 |      12 |  37.5
     Lair:2 |    4584 |       0 |   0.0 |      19 |       0 |   0.0
     Lair:3 |    4190 |    1776 |  29.8 |      13 |      25 |  65.8
     Lair:4 |    6260 |     939 |  13.0 |      16 |      12 |  42.9
     Lair:5 |    9074 |     835 |   8.4 |      26 |       1 |   3.7
      Orc:1 |    3262 |       0 |   0.0 |      11 |       0 |   0.0
            +---------+---------+-------+---------+---------+-------
